 Dungeon Crawl Stone Soup version 0.18-a0-1203-gbde16db (webtiles) character file.

198688 4thArraOfDagon the Centaur Blade (level 17, -16/210 HPs)
             Began as a Centaur Berserker on Jan 31, 2016.
             Was a High Priest of Trog.
             Demolished by an acid blob (21 damage)
             ... on level 2 of the Pits of Slime.
             The game lasted 01:35:47 (17372 turns).

4thArraOfDagon the Centaur Blade (CeBe)            Turns: 17372, Time: 01:35:47

Health: -16/210    AC:  0    Str: 39    XL:     17   Next: 37%
Magic:  21/21      EV: 11    Int:  4    God:    Trog [*****.]
Gold:   848        SH:  4    Dex: 14    Spells: 0 memorised, 16 levels left

rFire  x . .     SeeInvis .     z - +3 double sword (vamp)
rCold  + . .     Gourm    .     Y - +6 chain mail of the Old World {rElec rPois Str+2 Stlth+}
rNeg   . . .     Faith    .     (no shield)
rPois  +         Spirit   .     (helmet restricted)
rElec  +         Dismiss  .     e - +0 cloak
rCorr  .         Reflect  +     K - +0 pair of gloves "Ebofaywy" {Str+4 Stlth+}
SustAt +         Harm     .     (no barding)
MR     +++..     Clarity  +     X - +4 amulet of reflection
Stlth  ..........               i - ring of ice
                                q - ring of sustain attributes

@: berserking, corroded equipment, regenerating, very quick, extremely resistant
to hostile enchantments, extremely unstealthy
A: antennae 1, hooves 3, thin skeletal structure 1, agile 1, clarity, deformed
body, speed 2, tough skin 3, wild magic 1
a: Berserk, Trog's Hand, Brothers in Arms, Burn Spellbooks, Renounce Religion
}: 2/15 runes: decaying, gossamer


You were on level 2 of the Pits of Slime.
You worshipped Trog.
Trog was extremely pleased with you.
You were not hungry.

You visited 7 branches of the dungeon, and saw 36 of its levels.

You collected 1965 gold pieces.
You spent 905 gold pieces at shops.

Inventory:

Hand Weapons
 z - a +3 vampiric double sword (weapon)
 T - a +2 vampiric triple sword
 Z - the +8 long sword "Centaur's Doom" {freeze, Dex+2}
   (Trog gifted it to you on level 8 of the Lair of Beasts)

   It has been specially enchanted to freeze those struck by it, causing extra
   injury to most foes and up to half again as much damage against particularly
   susceptible opponents.
   It can also slow down cold-blooded creatures.
   It affects your dexterity (+2).
Armour
 e - a +0 cloak (worn)
 K - the +0 pair of gloves "Ebofaywy" (worn) {Str+4 Stlth+}
   (You found it on level 2 of the Swamp)

   It affects your strength (+4).
   It makes you more stealthy.
 Y - the +6 chain mail of the Old World (worn) {rElec rPois Str+2 Stlth+}
   (You found it on level 1 of the Elven Halls)

   It affects your strength (+2).
   It insulates you from electricity.
   It protects you from poison.
   It makes you more stealthy.
Jewellery
 i - a ring of ice (right hand)
 p - an uncursed amulet of magic regeneration
 q - a ring of sustain attributes (left hand)
 t - an uncursed ring of flight
 N - an uncursed amulet of rage
 O - a +4 ring of intelligence
 X - a +4 amulet of reflection (around neck)
Wands
 a - a wand of polymorph (11/24)
 b - a wand of draining (10/15)
 g - a wand of paralysis (14/24)
 r - a wand of draining (4/15)
 w - a wand of draining (8/15)
 x - a wand of fireball (3/15)
 M - a wand of disintegration (3/24)
Scrolls
 d - 9 scrolls of teleportation
 f - a scroll of magic mapping
 h - 4 scrolls of enchant armour
 k - 3 scrolls of fog
 m - 4 scrolls of recharging
 A - 2 scrolls of fear
 H - 4 scrolls of remove curse
 I - a scroll of immolation
 L - a scroll of identify
 P - 7 scrolls of noise
Potions
 j - 6 potions of curing
 n - 3 potions of haste
 o - 2 potions of lignification
 s - a potion of invisibility
 v - 2 potions of ambrosia
 D - a potion of berserk rage
 E - 6 potions of brilliance
 F - 3 potions of flight
 U - 6 potions of might
 V - a potion of agility
 W - a potion of resistance
Books
 y - a book of Callings

   Spells                             Type                      Level
   a - Summon Small Mammal            Summoning                    1
   b - Call Imp                       Summoning                    2
   c - Call Canine Familiar           Summoning                    3
   d - Summon Guardian Golem          Hexes/Summoning              3
   e - Summon Lightning Spire         Summoning/Air                4
   f - Summon Ice Beast               Ice/Summoning                4
   Trog disapproves of the use of such an item.
 C - a book of Power

   Spells                             Type                      Level
   a - Fulminant Prism                Conjuration/Hexes            4
   b - Iskenderun's Mystic Blast      Conjuration                  4
   c - Venom Bolt                     Conjuration/Poison           5
   d - Bolt of Magma                  Conjuration/Fire/Earth       5
   e - Iron Shot                      Conjuration/Earth            6
   f - Orb of Destruction             Conjuration                  7
   g - Spellforged Servitor           Conjuration/Summoning        7
   Trog disapproves of the use of such an item.
 G - a book of Hinderance

   Spells                             Type                      Level
   a - Confusing Touch                Hexes                        2
   b - Confuse                        Hexes                        3
   c - Gell's Gravitas                Hexes/Translocation          3
   d - Petrify                        Transmutation/Earth          4
   e - Metabolic Englaciation         Hexes/Ice                    5
   f - Yara's Violent Unravelling     Hexes/Transmutation          5
   Trog disapproves of the use of such an item.
 J - a Necronomicon

   Spells                             Type                      Level
   a - Haunt                          Necromancy/Summoning         7
   b - Borgnjor's Revivification      Necromancy                   8
   c - Death's Door                   Charms/Necromancy            8
   d - Necromutation                  Transmutation/Necromancy     8
   Trog disapproves of the use of such an item.
 Q - the Disquisition on Frigorific Attacks
   (You found it on level 13 of the Dungeon)

   Spells                             Type                      Level
   a - Throw Frost                    Conjuration/Ice              2
   b - Throw Icicle                   Conjuration/Ice              4
   c - Fulminant Prism                Conjuration/Hexes            4
   d - Ice Form                       Ice/Transmutation            4
   e - Freezing Cloud                 Conjuration/Ice/Air          6
   Trog disapproves of the use of such an item.
Miscellaneous
 l - a plain deck of escape {Solitude, drawn: 1}
 u - a phial of floods
 R - a box of beasts {used: 1}
Comestibles
 c - 4 bread rations
 B - 7 meat rations


   Skills:
 - Level 10.2 Fighting
 * Level 21.1 Long Blades
 - Level 11.1 Armour
 - Level 7.5 Dodging
 - Level 5.5 Evocations


You had 16 spell levels left.
You didn't know any spells.

Dungeon Overview and Level Annotations

Branches:
Dungeon (15/15)            Temple (0/1) D:4            Lair (8/8) D:9
  Swamp (4/4) Lair:3       Spider (4/4) Lair:5        Slime (2/6) Lair:7
    Orc (2/2) D:12            Elf (1/3) Orc:2
 Vaults: D:13-14     Depths: D:15

Altars:
Ashenzari
Cheibriados
Elyvilon
Fedhas
Nemelex Xobeh
Yredelemnul
The Shining One
Beogh

Shops:
D:11 *   Orc:2 ([*?

Annotations:
D:3 Natasha
D:9 MAK
D:14 exclusion: downstairs
D:15 exclusion: upstairs
Swamp:2 Louise
Swamp:4 exclusion: upstairs
Spider:3 exclusion: Roxanne, Roxanne


Innate Abilities, Weirdness & Mutations

You have hooves in place of feet.
Armour fits poorly on your strangely shaped body.
You cover ground very quickly.
You have extremely tough skin (AC +3).
You have a pair of small antennae on your head.
You have a somewhat thin skeletal structure (Dex +2, Stealth).
You are agile. (Dex +2)
You possess an exceptional clarity of mind.
Your spells are a little harder to cast, but a little more powerful.


Message History

You are splashed with acid!
The acid corrodes you!
The acid burns!
* * * LOW HITPOINT WARNING * * *
Unknown command.
Unknown command.
You carve the acid blob like a ham!!!
You feel better.
Your hands burn!
* * * LOW HITPOINT WARNING * * *
Your kick misses the acid blob.
The acid blob is heavily wounded.
The acid blob hits you!!
* * * LOW HITPOINT WARNING * * *
You are splashed with acid!
The acid burns!
* * * LOW HITPOINT WARNING * * *
Unknown command.
Unknown command.
You slash the acid blob!
Your hands burn!
* * * LOW HITPOINT WARNING * * *
You kick the acid blob.
The acid blob is severely wounded.
The acid blob hits you!!
You die...

#.. . ## #. #
##.. #.#...# ##
...#.#.##
....§§#
#§§§.##.##
#§@§.....#
......JJ§....##
......§......#
.............#
.......#..#.##
...>... #####
....... .#.....


You could see 2 acid blobs.

Vanquished Creatures
  the Lernaean hydra (Swamp:4)
  2 acid blobs (Slime:2)
  2 azure jellies (Slime:2)
  Maud (D:13)
  6 ghost moths (Spider:4)
  An orc warlord (Orc:2)
  4 emperor scorpions (Spider:4)
  2 spark wasps
  A dire elephant (Lair:8)
  Josephine (Lair:4)
  A great orb of eyes (Slime:1)
  18 hydras
  3 entropy weavers (Spider:4)
  2 catoblepae
  5 alligators
  9 death yaks (Lair:8)
  A centaur warrior (D:13)
  A deep troll shaman (Lair:8)
  An ogre mage (Orc:2)
  Nergalle (Lair:2)
  The ghost of M4edhros the Covert, a novice OpAr of Fedhas (D:10)
  3 spriggan druids
  2 hill giants
  An unseen horror (D:10)
  9 swamp dragons
  Pikel (D:7)
  3 shambling mangroves (Swamp:3)
  A wolf spider zombie (D:14)
  A necromancer (Lair:7)
  3 orc knights
  18 orb spiders
  31 wolf spiders
  5 ugly things
  3 oklob plants (Lair:7)
  A griffon (Lair:6)
  4 cyclopes
  5 orc sorcerers
  2 hornets (Spider:4)
  A black mamba (Lair:3)
  7 elephants
  Joseph (D:7)
  A torpor snail (Lair:5)
  11 spiny frogs
  7 komodo dragons
  5 demonic crawlers
  24 jumping spiders
  12 giant leeches
  4 trolls
  2 polar bears
  16 blink frogs
  27 slime creatures
  4 bog bodies
  3 two-headed ogres (Orc:2)
  47 redbacks
  3 spriggans
  30 tarantellas
  6 wraiths
  A fire elemental (Lair:2)
  60 yaks
  Grum (D:10)
  5 basilisks
  A hungry ghost (D:13)
  7 vampire mosquitoes
  6 hippogriffs
  7 wolves
  5 wargs
  11 insubstantial wisps
  Menkaure (D:4)
  A mottled dragon (D:15)
  21 swamp worms
  11 water moccasins
  6 porcupines
  8 swamp drakes
  36 orc warriors
  4 sky beasts
  3 slaves (D:7)
  12 wasps
  A black bear (Lair:8)
  An ice beast (D:7)
  13 ogres
  An eye of draining (Slime:1)
  A necrophage (D:13)
  10 centaurs
  11 crocodiles
  An earth elemental (Elf:1)
  A big kobold (D:11)
  2 wyvern zombies (D:12)
  11 giant frogs
  3 scorpions
  10 killer bees
  An electric eel (Lair:5)
  5 wights
  4 crimson imps
  2 giant frog zombies
  3 centaur zombies
  A giant frog skeleton (D:6)
  4 jellies
  4 centaur skeletons
  21 orc priests
  2 hounds
  3 iguanas
  24 orc wizards
  3 polar bear simulacra (Lair:7)
  10 worker ants
  3 yak simulacra (Lair:7)
  15 sheep
  A wolf simulacrum (Lair:7)
  A hound zombie (D:6)
  A hound skeleton (D:6)
  A worker ant zombie (D:6)
  7 adders
  23 river rats
  3 shadow imps
  An ooze (D:3)
  2 adder zombies
  2 worms (Lair:5)
  4 giant geckos
  67 orcs
  12 bats
  7 giant cockroaches
  2 goblins (D:2)
  3 hobgoblins
  6 jackals (D:3)
  A giant gecko skeleton (D:5)
  A giant gecko zombie (D:6)
  4 giant newts
  A jackal zombie (D:6)
  7 kobolds
  13 rats
  4 river rat simulacra (Lair:7)
  4 plants (Lair:6)
924 creatures vanquished.

Vanquished Creatures (collateral kills)
  Arachne (Spider:3)
  A thorn hunter (Swamp:2)
  The ghost of M4edhros the Prestidigitator, a journeyman OpAr of Fedhas (Lair:8)
  A spark wasp (Spider:4)
  A dancing weapon (Elf:1)
  2 hornets (Spider:4)
  A spiny frog (Swamp:2)
  An air elemental (Elf:1)
  3 yaks (Lair:8)
12 creatures vanquished.

Vanquished Creatures (others)
  A giant leech (Swamp:1)
  A redback (Spider:4)
  A naga (D:13)
  A goblin (D:2)
  A fungus (Lair:8)
  A plant (Lair:8)
6 creatures vanquished.

Grand Total: 942 creatures vanquished

Notes
Turn   | Place    | Note
--------------------------------------------------------------
     0 | D:1      | 4thArraOfDagon the Centaur Berserker began the quest for the Orb.
     0 | D:1      | Reached XP level 1. HP: 19/19 MP: 1/1
   132 | D:2      | Reached XP level 2. HP: 21/26 MP: 2/2
   173 | D:2      | Found a blossoming altar of Fedhas.
   180 | D:2      | Found a white marble altar of Elyvilon.
   290 | D:2      | 4time in row
   290 | D:2      | wrong barding
   303 | D:2      | Reached XP level 3. HP: 20/31 MP: 3/3
   359 | D:3      | Found a shattered altar of Ashenzari.
   405 | D:3      | Found a snail-covered altar of Cheibriados.
   418 | D:3      | Reached ** piety under Trog
   519 | D:3      | Noticed Natasha
   521 | D:3      | Reached XP level 4. HP: 30/38 MP: 4/4
   528 | D:3      | Reached skill level 4 in Long Blades
   588 | D:4      | Found a staircase to the Ecumenical Temple.
   673 | D:4      | Noticed an ogre
   677 | D:4      | Killed an ogre
   677 | D:4      | Reached XP level 5. HP: 45/45 MP: 5/5
   748 | D:5      | Entered Level 5 of the Dungeon
   748 | D:5      | Noticed an orc warrior
   767 | D:5      | Killed an orc warrior
   767 | D:5      | Reached skill level 5 in Long Blades
   767 | D:5      | Reached XP level 6. HP: 51/51 MP: 6/6
   832 | D:5      | Got an encrusted short sword
   836 | D:5      | Identified the +9 short sword of Fundamental Breach {antimagic, +Blink MP+9 Int+4} (You found it on level 5 of the Dungeon)
   898 | D:5      | Got a crystal dagger
   903 | D:5      | Identified the cursed +1 dagger of Ufoefato {pierce, Dex+6 SInv} (You found it on level 5 of the Dungeon)
  1000 | D:5      | Reached skill level 6 in Long Blades
  1047 | D:4      | Noticed Menkaure
  1052 | D:4      | Killed Menkaure
  1052 | D:4      | Reached XP level 7. HP: 19/57 MP: 5/7
  1288 | D:6      | Reached skill level 7 in Long Blades
  1514 | D:6      | Reached XP level 8. HP: 63/63 MP: 5/8
  1578 | D:7      | Noticed Pikel
  1609 | D:7      | Killed Pikel
  1609 | D:7      | Reached skill level 8 in Long Blades
  1696 | D:6      | Reached *** piety under Trog
  1707 | D:7      | Noticed Joseph
  1726 | D:7      | Killed Joseph
  1726 | D:7      | Reached skill level 9 in Long Blades
  1726 | D:7      | Reached skill level 5 in Armour
  1735 | D:7      | Found a sparkling altar of Nemelex Xobeh.
  1767 | D:7      | Reached XP level 9. HP: 46/69 MP: 6/9
  2275 | D:9      | Reached skill level 10 in Long Blades
  2421 | D:10     | Entered Level 10 of the Dungeon
  2647 | D:11     | Found Kehon's General Store.
  2672 | D:11     | Bought a potion of heal wounds for 70 gold pieces
  2705 | D:11     | Noticed an orc sorcerer
  2719 | D:11     | Killed an orc sorcerer
  2719 | D:11     | Reached skill level 11 in Long Blades
  2719 | D:11     | Reached XP level 10. HP: 77/77 MP: 6/10
  2907 | D:11     | Noticed a hill giant
  2930 | D:11     | Killed a hill giant
  3088 | D:12     | Noticed a cyclops
  3119 | D:12     | Killed a cyclops
  3119 | D:12     | Reached skill level 12 in Long Blades
  3239 | D:12     | Noticed a red ugly thing
  3483 | D:12     | Noticed a red ugly thing
  3493 | D:12     | Killed a red ugly thing
  3714 | D:13     | Reached XP level 11. HP: 67/81 MP: 6/11
  3815 | D:13     | Identified the Disquisition on Frigorific Attacks
  3837 | D:13     | Noticed a centaur warrior
  3857 | D:13     | Killed a centaur warrior
  3857 | D:13     | Reached skill level 13 in Long Blades
  3945 | D:12     | Noticed Maud
  3946 | D:12     | hmm
  3946 | D:12     | Drew Focus: Str increased to 25, Int decreased to 5
  3975 | D:12     | Drew Focus: Str increased to 26, Int decreased to 4
  4003 | D:13     | Hired Pipofaunn the naga for 164 gold.
  4015 | D:13     | Your ally Pipofaunn died
  4019 | D:13     | Killed Maud
  4037 | D:13     | Gained mutation: You have a somewhat thin skeletal structure (Dex +2, Stealth). [potion of mutation]
  4037 | D:13     | Gained mutation: You have a pair of small antennae on your head. [potion of mutation]
  4037 | D:13     | Gained mutation: You are agile. (Dex +2) [potion of mutation]
  4038 | D:13     | Gained mutation: You possess an exceptional clarity of mind. [potion of beneficial mutation]
  4039 | D:13     | Gained mutation: Your spells are a little harder to cast, but a little more powerful. [potion of beneficial mutation]
  4212 | D:14     | Noticed a tengu warrior
  4212 | D:14     | Noticed a tengu warrior
  4212 | D:14     | Noticed a deep elf mage
  4379 | D:13     | Noticed a green ugly thing
  4413 | D:13     | Killed a green ugly thing
  4551 | D:14     | Reached skill level 14 in Long Blades
  4558 | D:14     | Reached **** piety under Trog
  4652 | D:15     | Entered Level 15 of the Dungeon
  4655 | D:15     | Noticed a green ugly thing
  4662 | D:15     | Noticed a green ugly thing
  4663 | D:15     | Killed a green ugly thing
  4667 | D:15     | Killed a green ugly thing
  4668 | D:15     | Noticed a green ugly thing
  4671 | D:15     | Killed a green ugly thing
  4775 | D:15     | Reached XP level 12. HP: 71/88 MP: 12/12
  4832 | D:15     | Got an encrusted dagger
  4849 | D:15     | Noticed a seven-headed hydra
  5243 | D:11     | Found a glowing golden altar of the Shining One.
  5419 | D:10     | Noticed M4edhros's ghost (novice OpAr)
  5529 | D:10     | Killed M4edhros's ghost
  5569 | D:10     | Noticed Grum
  5599 | D:10     | Killed Grum
  5599 | D:10     | Reached skill level 15 in Long Blades
  5799 | D:9      | Found a basalt altar of Yredelemnul.
  6022 | D:10     | Reached ***** piety under Trog
  6123 | D:10     | Got a transparent leather armour
  6145 | D:10     | Identified the +2 leather armour "Piag" {Str+4} (You found it on level 10 of the Dungeon)
  6232 | D:12     | Found a staircase to the Orcish Mines.
  6246 | D:12     | 4thArraOfDagon: phone
  6479 | D:11     | Bought a wand of disintegration (17/24) for 294 gold pieces
  6534 | Orc:1    | Entered Level 1 of the Orcish Mines
  6667 | Orc:1    | 4thArraOfDagon: sry was on phone
  7005 | Orc:2    | Entered Level 2 of the Orcish Mines
  7010 | Orc:2    | Received a gift from Trog
  7108 | Orc:2    | Noticed an ogre mage
  7132 | Orc:2    | Killed an ogre mage
  7164 | Orc:2    | Found a roughly hewn altar of Beogh.
  7203 | Orc:2    | Found a roughly hewn altar of Beogh.
  7238 | Orc:2    | Found a staircase to the Elven Halls.
  7306 | Orc:2    | Reached skill level 16 in Long Blades
  7309 | Orc:2    | Found a roughly hewn altar of Beogh.
  7320 | Orc:2    | Reached skill level 10 in Armour
  7320 | Orc:2    | Reached XP level 13. HP: 94/94 MP: 13/13
  7324 | Orc:2    | Found Qoradu's Magic Scroll Shoppe.
  7370 | Orc:1    | Received a gift from Trog
  7474 | Orc:2    | Found a roughly hewn altar of Beogh.
  7611 | Orc:2    | Found a roughly hewn altar of Beogh.
  7612 | Orc:2    | Found Zojoawo's Assorted Antiques.
  7623 | Orc:2    | Bought a golden potion for 27 gold pieces
  7623 | Orc:2    | Bought a blue potion for 27 gold pieces
  7623 | Orc:2    | Bought a puce potion for 27 gold pieces
  7666 | Orc:2    | Found a roughly hewn altar of Beogh.
  7934 | Orc:2    | Noticed an orc warlord
  7968 | Orc:2    | Killed an orc warlord
  7999 | Orc:2    | Found Zopunwu's Antique Armour Shop.
  8000 | Orc:2    | Found a roughly hewn altar of Beogh.
  8020 | Orc:2    | Found Piosk's Antique Weapon Boutique.
  8031 | Orc:2    | Bought a fine scale mail for 288 gold pieces
  8069 | Orc:2    | Found a roughly hewn altar of Beogh.
  8120 | Orc:2    | Bought a scroll of identify for 30 gold pieces
  8120 | Orc:2    | Bought a scroll of identify for 30 gold pieces
  8120 | Orc:2    | Bought a scroll of enchant weapon for 112 gold pieces
  8120 | Orc:2    | Identified the +11 scale mail "Qap Ysm" {rElec} (You bought it in a shop on level 2 of the Orcish Mines)
  8173 | Elf:1    | Entered Level 1 of the Elven Halls
  8201 | Elf:1    | Got an ichor-stained chain mail
  8225 | Elf:1    | Identified the +6 chain mail of the Old World {rElec rPois Str+2 Stlth+} (You found it on level 1 of the Elven Halls)
  8433 | D:9      | Found a staircase to the Lair.
  8447 | Lair:1   | Entered Level 1 of the Lair of Beasts
  8564 | Lair:2   | You fall through a shaft!
  8652 | Lair:4   | Noticed Josephine
  8665 | Lair:4   | Killed Josephine
  8665 | Lair:4   | Reached skill level 5 in Fighting
  8909 | Lair:3   | Reached skill level 1 in Evocations
  9034 | Lair:2   | Noticed Nergalle
  9045 | Lair:2   | Killed Nergalle
  9397 | Lair:3   | Found a glowing golden altar of the Shining One.
  9456 | Lair:3   | Found a staircase to the Swamp.
  9726 | Lair:5   | Reached ****** piety under Trog
  9730 | Lair:5   | Received a gift from Trog
  9732 | Lair:5   | Reached XP level 14. HP: 95/110 MP: 16/16
  9984 | Lair:5   | Found a hole to the Spider Nest.
 10475 | Lair:8   | Entered Level 8 of the Lair of Beasts
 10591 | Lair:8   | Reached skill level 17 in Long Blades
 10747 | Lair:8   | Noticed M4edhros's ghost (journeyman OpAr)
 10756 | Lair:8   | Killed M4edhros's ghost
 11097 | Lair:8   | Received a gift from Trog
 11097 | Lair:8   | Reached skill level 5 in Dodging
 11098 | Lair:8   | Got a warped long sword {god gift}
 11439 | Lair:5   | Found a runed door.
 11501 | Lair:5   | Reached skill level 5 in Evocations
 11569 | Lair:5   | Identified the +8 long sword "Centaur's Doom" {freeze, Dex+2} (Trog gifted it to you on level 8 of the Lair of Beasts)
 11656 | Spider:1 | Entered Level 1 of the Spider Nest
 11798 | Spider:1 | Reached XP level 15. HP: 91/119 MP: 18/18
 12002 | Spider:3 | Noticed Arachne
 12028 | Spider:3 | Killed Arachne
 12513 | Spider:3 | Noticed Roxanne
 12733 | Spider:4 | Entered Level 4 of the Spider Nest
 12839 | Spider:4 | Reached skill level 18 in Long Blades
 13113 | Spider:4 | Killed a ghost moth
 13172 | Spider:4 | Received a gift from Trog
 13461 | Spider:4 | Killed a ghost moth
 13488 | Spider:4 | M4edhros: ligni?
 13506 | Spider:4 | 4thArraOfDagon: thx
 13509 | Spider:4 | M4edhros: summon ally
 13517 | Spider:4 | M4edhros: np
 13737 | Spider:4 | M4edhros: also, u could have burned book there
 13755 | Spider:4 | Killed a ghost moth
 13814 | Spider:4 | 4thArraOfDagon: yeah
 13887 | Spider:4 | Reached XP level 16. HP: 133/133 MP: 20/20
 14206 | Spider:4 | Reached skill level 10 in Fighting
 14230 | Spider:4 | Got a gossamer rune of Zot
 14332 | Spider:4 | Reached skill level 19 in Long Blades
 14485 | Spider:4 | Received a gift from Trog
 14725 | Swamp:1  | Entered Level 1 of the Swamp
 15145 | Swamp:2  | Noticed a thorn hunter
 15158 | Swamp:2  | Killed a thorn hunter
 15165 | Swamp:2  | Got a pair of slimy gloves
 15171 | Swamp:2  | Identified the +0 pair of gloves "Ebofaywy" {Str+4 Stlth+} (You found it on level 2 of the Swamp)
 15391 | Swamp:2  | Noticed Louise
 15676 | Swamp:4  | Entered Level 4 of the Swamp
 16063 | Swamp:4  | Reached skill level 20 in Long Blades
 16304 | Swamp:4  | Noticed the 27-headed Lernaean hydra
 16522 | Swamp:4  | Reached XP level 17. HP: 140/140 MP: 21/21
 16618 | Swamp:4  | Killed the 26-headed Lernaean hydra
 16730 | Swamp:4  | Got a decaying rune of Zot
 17110 | Lair:7   | Found a staircase to the Slime Pits.
 17183 | Slime:1  | Entered Level 1 of the Pits of Slime
 17251 | Slime:1  | Received a gift from Trog
 17285 | Slime:2  | Noticed an acid blob
 17291 | Slime:2  | Noticed an acid blob
 17298 | Slime:2  | Killed an acid blob
 17298 | Slime:2  | Reached skill level 21 in Long Blades
 17361 | Slime:2  | Noticed an acid blob
 17361 | Slime:2  | Noticed an acid blob
 17361 | Slime:2  | Noticed an acid blob
 17370 | Slime:2  | Killed an acid blob
 17371 | Slime:2  | HP: 10/210 [acid (4)]
 17372 | Slime:2  | Demolished by an acid blob

Vault maps used:
D:1:      roderic_chinese_lattice_arrival, minmay_distorted
D:2:      nicolae_overflow_hidden_temple, elyvilon_altar_4
D:3:      cheibriados_altar_1, lemuel_crystal_altar, uniq_terence, uniq_natasha
D:4:      minmay_temple_entry_grid, first_bread, uniq_menkaure
D:5:      grunt_qazlal_sundering
D:6:      old_standard_altar, gammafunk_temple_overflow_forgotten,
          serial_undead, serial_undead_f, serial_undead_b, serial_undead_d,
          serial_undead_d, minmay_misc_feat_more_columns
D:7:      grunt_temple_overflow_bloody_war, nemelex_deck, the_bakery,
          uniq_joseph, uniq_pikel
D:8:      johnstein_pakellas_dig
D:9:      lemuel_coloured_pillars_altar, makhleb_blood_cavern_becter,
          grunt_lair_entry_orc_guard_hut, hex_intersection
D:10:     enter_trove_1, uniq_grum
D:11:     basic_altar, serial_shops, shop, minmay_librarian
D:12:     orc_0_dummy, kennysheep_doodads, uniq_maud
D:14:     grunt_vaults_entry_tiered, kennysheep_minor_cross
D:15:     grunt_enter_depths_magical_seal, grunt_decor_cap
Lair:2:   uniq_nergalle
Lair:3:   minmay_swamp_entry_worms, basic_altar, grunt_megastairs_4
Lair:4:   infiniplex_staircase_pool_2, uniq_josephine
Lair:5:   nicolae_spider_entry_non_spiders, st_stairs_4, pf_torpor_hydra,
          infiniplex_staircase_pool
Lair:6:   nicolae_lair_grove_arrangements, wad_woods_03
Lair:7:   minmay_slime_entry_oklob_enclosed, eino_house_with_fridge
Lair:8:   grunt_lair_end_beastmaster, grunt_forest_small_clearing_treed
Swamp:1:  serial_swamp_ruin, evilmike_swamp_ruin_house_6,
          evilmike_swamp_ruin_rubble_1, swamp_pool4, uniq_aizul
Swamp:2:  nicolae_swamp_trees_clearing, uniq_louise
Swamp:3:  evilmike_swamp_ruin_wall
Swamp:4:  swamp_old_school
Spider:1: hangedman_spider_trapstep
Spider:2: hangedman_spider_tarantella_strand
Spider:3: uniq_arachne, uniq_norris, uniq_roxanne
Spider:4: spider_rune_water, nicolae_arachne_temple
Slime:1:  cheibrodos_slime_lost_civilization_7
Slime:2:  uniq_dissolution
Orc:2:    grunt_orc_community_town_hall, grunt_orc_community_big_house_2,
          grunt_orc_community_big_house_1, grunt_orc_community_house_2,
          grunt_orc_community_house_3, grunt_orc_community_house_3,
          grunt_orc_community_house_1, grunt_orc_community_house_1, basic_altar
Elf:1:    minmay_elf_crystal_heptagon, hangedman_elven_pyramids, uniq_asterion

Action                   |  1- 3 |  4- 6 |  7- 9 | 10-12 | 13-15 | 16-18 || total
-------------------------+-------+-------+-------+-------+-------+-------++-------
Melee: Falchion          |    86 |    42 |       |       |       |       ||   128
       Short sword       |       |    23 |   290 |   201 |       |       ||   514
       Double sword      |       |       |       |   527 |  1646 |   745 ||  2918
Invok: Berserk           |     3 |     4 |    10 |    24 |    21 |    29 ||    91
       Trog's Hand       |     1 |     1 |     8 |    19 |    20 |    15 ||    64
       Brothers in Arms  |       |       |       |       |     7 |     5 ||    12
       Burn Spellbooks   |       |       |       |       |       |     3 ||     3
Evoke: Wand              |       |       |     3 |    12 |    10 |     6 ||    31
       Deck              |       |       |       |    10 |       |     1 ||    11
       Phial of floods   |       |       |       |       |     1 |     1 ||     2
       Box of beasts     |       |       |       |       |     1 |       ||     1
  Use: Scroll            |       |     3 |     2 |    16 |    17 |     9 ||    47
       Potion            |       |       |       |     6 |     5 |       ||    11
 Stab: Sleeping          |       |       |       |     1 |       |       ||     1
       Petrified         |       |       |       |       |     3 |       ||     3
       Distracted        |       |       |       |       |     3 |       ||     3
  Eat: Chunk             |     1 |     5 |    17 |    38 |    36 |    29 ||   126
       Pizza             |       |       |       |     1 |     2 |     1 ||     4
       Royal jelly       |       |       |       |     1 |       |       ||     1
       Meat ration       |       |       |       |     1 |       |       ||     1
       Beef jerky        |       |       |       |       |     2 |     1 ||     3
       Fruit             |       |       |       |       |     5 |       ||     5
       Bread ration      |       |       |       |       |       |     3 ||     3
